 Dungeon Crawl Stone Soup version 0.31.0-11-ge490571c62 (console) character file.

Game seed: 16160462866559611800

335 jejorda2 the Trooper (level 6, -5/53 HPs)
             Began as a Draconian Berserker on Feb 2, 2024.
             Was a Believer of Trog.
             Slain by an ogre
             ... wielding a +0 giant spiked club
              (20 damage)
             ... on level 4 of the Dungeon.
             The game lasted 00:04:05 (2295 turns).

jejorda2 the Trooper (Draconian Berserker)          Turns: 2295, Time: 00:04:06

Health: -5/53      AC:  8    Str: 21    XL:     6   Next: 28%
Magic:  6/6        EV: 12    Int:  7    God:    Trog [**....]
Gold:   120        SH:  0    Dex: 11    Spells: 5/5 levels left

rFire   . .          .
                       - Unarmed
rCold   . . .        (no shield)
rNeg    + . .        (body armour unavailable)
rPois   .            (helmet restricted)
rElec   .            h - +0 cloak
rCorr   .            l - +0 pair of gloves
SInv    .            (no boots)
Will    ++...        (no amulet)
Stlth   +            e - ring of positive energy
HPRegen 1.28/turn    (no ring)
MPRegen 0.10/turn

%: no passive effects
@: strong-willed (expiring), on berserk cooldown, regenerating (expiring),
hasted and slowed
A: AC +6, unfitting armour, cold-blooded
a: Renounce Religion, Berserk, Trog's Hand


You were on level 4 of the Dungeon.
You worshipped Trog.
Trog was pleased with you.
You visited 1 branch of the dungeon, and saw 4 of its levels.

You collected 120 gold pieces.

Inventory:

Armour
 h - a +0 cloak (worn)
 l - a +0 pair of gloves (worn)
Jewellery
 e - a ring of positive energy (left hand)
Talismans
 i - a blade talisman
Scrolls
 g - a scroll of enchant weapon {unknown}
 j - 2 scrolls of identify {unknown}
 k - a scroll of blinking {unknown}
Potions
 b - 2 potions of mutation {unknown}
 c - 2 potions of curing {unknown}
 d - 2 potions of might {unknown}
 f - a potion of attraction {unknown}


   Skills:
 + Level 4.7 Fighting
 - Level 2.6 Dodging
 + Level 4.3 Unarmed Combat
 * Level 3.9 Shapeshifting


You had 5 spell levels left.
You didn't know any spells.
Your spell library was empty.

Dungeon Overview and Level Annotations

Branches:
Dungeon (4/15)
 Temple: D:4-7

Altars:

Annotations:
D:4 Dowan


Innate Abilities, Weirdness & Mutations

Your plain brown scales are hard. (AC +6)
You cannot fit into any form of body armour.
You are cold-blooded and may be slowed by cold attacks.


Message History

Dowan seems to find hidden reserves of power!
Dowan casts a spell at you. The shard of ice misses you.
You have reached level 6!
Your scales feel tougher.
Unknown command.
Dowan hits you but does no damage.
You blink.
You feel a strong urge to attack something.
The ribbon worm expels a string of sticky webbing.
The stream of webbing hits you but does no damage.
You are caught in a web!
There is a web here.
The web tears apart.
Dowan casts a spell at you. The shard of ice hits you!!
You punch Dowan!
Dowan is heavily wounded.
Dowan barely misses you.
The ribbon worm expels a string of sticky webbing.
The stream of webbing misses you.
You punch Dowan!
Dowan is severely wounded.
Dowan casts a spell.
Dowan blinks!
You are no longer berserk.
You are exhausted.
You feel yourself slow down. Dowan casts a spell at you.
The stone arrow misses you.
Dowan points at you and mumbles some strange words.
The stone arrow hits you! The ogre attacks as it pursues you!
The ogre closely misses you.
You hit the ogre.
The ogre is lightly wounded.
The ogre hits you with a +0 giant spiked club!!
* * * LOW HITPOINT WARNING * * *
It was a potion of haste.
You feel yourself speed up.
You feel the effects of Trog's Hand fading.
The ogre hits you with a +0 giant spiked club!!
You die...

#. #. ##.. ######
....####### #....#
#....@Oe# #.#.##
......###w#####.#.#
######.#..e......#.#
.........#.###.....#
O###..w###)# #.#####
....... #.# #.#
###....O....##.#
#...########.# #...
#.#


You could see an ogre, Dowan (fast) and a ribbon worm.

Vanquished Creatures
  Duvessa (D:4)
  An ogre (D:3)
  2 iguanas
  Terence (D:2)
  2 adders (D:2)
  A ribbon worm (D:4)
  3 dart slugs
  2 orcs (D:3)
  2 bats
  5 endoplasms
  2 giant cockroaches
  3 goblins
  2 hobgoblins
  5 jackals
  3 quokkas
  5 ball pythons
  5 frilled lizards
  5 kobolds
  7 rats
57 creatures vanquished.

Notes
Turn   | Place    | Note
-------+----------+-------------------------------------------
     0 | D:1      | jejorda2 the Draconian Berserker began the quest for the
                  | Orb.
     0 | D:1      | Reached XP level 1. HP: 19/19 MP: 1/1
   314 | D:1      | Reached skill level 1 in Shapeshifting
   314 | D:1      | Reached XP level 2. HP: 26/26 MP: 2/2
  1060 | D:2      | Noticed Terence
  1068 | D:2      | Killed Terence
  1069 | D:2      | Reached XP level 3. HP: 33/33 MP: 3/3
  1166 | D:2      | Reached XP level 4. HP: 40/40 MP: 4/4
  1679 | D:3      | Reached ** piety under Trog
  1714 | D:3      | Noticed an ogre
  1722 | D:3      | Killed an ogre
  1723 | D:3      | Reached XP level 5. HP: 25/46 MP: 5/5
  2274 | D:4      | Noticed Duvessa
  2274 | D:4      | Noticed Dowan
  2274 | D:4      | Noticed an ogre
  2284 | D:4      | Killed Duvessa
  2285 | D:4      | Reached XP level 6. HP: 53/53 MP: 6/6
  2295 | D:4      | Slain by an ogre

Illustrated notes

Levels and vault maps discovered:
D:1:      lemuel_arrival_behind_the_door_large, layout_loops_corners,
          corexii_hall_statues_x
D:2:      layout_loops_ring, uniq_terence
D:3:      layout_rooms
D:4:      layout_basic, ashenzari_conservatory_becter, uniq_duvessa

Skill      XL: |  1  2  3  4  5 |
---------------+----------------+-----
Shapeshifting  | 1 2 3 |  3.9
Fighting       | 4 |  4.7
Unarmed Combat | 4 |  4.3
Dodging        | |  2.6

Action                     |  1- 3 |  4- 6 || total
---------------------------+-------+-------++-------
  Melee: Unarmed           |    77 |    99 ||   176
         Tailslap          |     6 |    10 ||    16
         Punch             |       |     3 ||     3
 Invoke: Berserk           |     2 |     2 ||     4
         Trog's Hand       |       |     1 ||     1
    Use: Potion            |       |     1 ||     1
 Armour: Skin              |    30 |    47 ||    77
  Dodge: Dodged            |    40 |    65 ||   105
